Justin14p, lawful female human Knight --- ---.| |....| |..--- |.-- -. |%| ...- -----.---- ..a-----........| ..)@u.)%..--.--.--- .a--------|.||...| . |.|---.--- |....| -.<|.- ...|. .. Justin14p the Esquire Experience level: 5 Strength: 6 Dexterity: 11 Constitution: 15 Intelligence: 7 Wisdom: 16 Charisma: 15 Health: 0(46) Energy: 43(43) Def: 7 Gold: 684 Moves: 2709 Dungeon seed: TVGNQp8oWh8g-f-Q Game ID: Justin14p_1525614732 Your Inventory: Coins $ - 684 gold pieces Weapons a - a +1 long sword (weapon in hand) M - a +0 crossbow O - 17 +0 crossbow bolts T - 11 cursed +0 crossbow bolts Armor e - an uncursed +1 ring mail (being worn) n - an uncursed +0 helmet (being worn) q - an uncursed +0 small shield (being worn) r - an uncursed +0 pair of leather gloves (being worn) z - an uncursed +0 mummy wrapping Comestibles c - 12 uncursed apples d - 13 uncursed carrots H - a cursed food ration I - a cursed partly eaten tripe ration U - an uncursed lembas wafer W - a cursed partly eaten food ration Z - an uncursed killer bee corpse Scrolls g - an uncursed scroll of magic mapping i - a cursed scroll of earth o - a blessed scroll of enchant armor s - an uncursed scroll of identify u - a cursed scroll of blank paper w - an uncursed scroll of remove curse D - an uncursed scroll of create monster G - a cursed scroll of enchant weapon P - an uncursed scroll of enchant armor Potions F - a potion of unholy water Tools t - an uncursed leash J - a cursed sack K - a cursed expensive camera (0:66) L - an expensive camera (0:35) S - 2 uncursed partly used wax candles (lit) (0:287) Gems y - 2 uncursed jet stones N - an uncursed worthless piece of yellow glass V - 2 uncursed worthless pieces of yellowish brown glass Y - an uncursed worthless piece of green glass Spells and supernatural/magical abilities: Name Level Category Fail Memory W - pray for help -- divine ? -- X - turn undead -- divine ? -- Y - supernatural jump -- ability ? -- Your skills at the end: Fighting Skills riding [Basic] Weapon Skills long sword [Basic] lance [Basic] Spellcasting Skills Final Attributes: You were piously aligned. You could jump. You are dead. Vanquished creatures: a ghost 6 gnome lords a kobold mummy a straw golem a homunculus a giant bat a dwarf zombie 5 killer bees an acid blob a large kobold a giant rat a yellow mold 16 gnomes 3 geckos 6 jackals 3 foxes 2 goblins 2 sewer rats 8 grid bugs 6 lichens 2 newts 69 creatures vanquished. Voluntary challenges: You had followed a strict vegetarian diet until turn 2653. You used a wielded weapon 61 times, starting on turn 20. You read items or engraved 2 times, starting on turn 365. You never genocided any monsters. You never polymorphed an object. You never changed form. You used no wishes. You never split a pudding. You wrote Elbereth's name 1 time, starting on turn 2445. You violated your moral code, losing 1 point of alignment, starting on turn 1928. Dungeon overview: The Dungeons of Doom: levels 1 to 3 Level 1 some fountains a long staircase Level 2 a fountain Level 3 a fountain stairs to The Gnomish Mines The Gnomish Mines: levels 4 to 6 Level 4 stairs to The Dungeons of Doom Level 5 Level 6 <- You were here History has recorded: On T:1 you entered the Dungeons of Doom to retrieve the Amulet of Yendor! On T:451 you reached level 2 of The Dungeons of Doom. On T:796 you advanced to experience level 2. On T:1145 you reached level 3 of The Dungeons of Doom. On T:1697 you advanced to experience level 3. On T:1791 you reached level 1 of The Gnomish Mines. On T:1880 you advanced to experience level 4. On T:2346 you reached level 2 of The Gnomish Mines. On T:2350 you advanced to experience level 5. On T:2595 you reached level 3 of The Gnomish Mines. On T:2705 you advanced to experience level 6. Score breakdown: Gold: 684 ( 9646 points) Experience: 5 levels (11141 points) Exploration: 6 levels ( 12.00%) ( 9583 points) Discoveries: 7 items ( 2.85%) ( 5060 points) Valuables value: (no points given unless you survive) Artifact value: 0 ( 0 points) Variety of kills: 21 monsters ( 5.51%) ( 7043 points) Turncount: 2709 turns ( -449 points) Survival: died (score multiplied by 80%) Total score: 33619 Latest messages: The killer bee stings! The killer bee misses. The killer bee stings! You feel more confident in your weapon skills. You kill the killer bee! Welcome to experience level 6. The killer bee misses. You kill the killer bee! There are a few objects here. The killer bee stings! The killer bee's sting was poisoned! You hear the howling of the CwnAnnwn... You feel a little strange. Your movements are slowed slightly because of your load. You feel like a new woman! The killer bee misses. The killer bee stings! (2x) The killer bee's sting was poisoned! You feel weaker! You die... The sack is empty. The sack is empty. Final status: Fare thee well Justin14p the Knight, killed by a killer bee... You died in The Gnomish Mines on dungeon level 6 with 33619 points, and 684 pieces of gold, after 2709 moves. You were level 5 with a maximum of 46 hit points when you died.